 Dungeon Crawl Stone Soup version 0.20.0-15-g7f486f2 (webtiles) character file.

191 Zhenya24pyc the Cudgeler (level 5, -6/32 HPs)
             Began as a Gargoyle Fighter on June 9, 2017.
             Was an Initiate of Okawaru.
             Mangled by a mummy (11 damage)
             ... in an ossuary on June 17, 2017.
             The game lasted 00:04:57 (2915 turns).

Zhenya24pyc the Cudgeler (Gargoyle Fighter)         Turns: 2915, Time: 00:04:58

Health: -6/32      AC: 10    Str: 20    XL:     5   Next: 70%
Magic:  5/5        EV:  7    Int:  9    God:    Okawaru [......]
Gold:   165        SH:  9    Dex:  9    Spells: 4/4 levels left

rFire    . . .     SeeInvis .   a - +0 flail
rCold    . . .     Gourm    .   c - +0 shield
rNeg     + . .     Faith    .   b - +0 scale mail
rPois    ∞         Spirit   .   (no helmet)
rElec    +         Reflect  .   (no cloak)
rCorr    .         Harm     .   (no gloves)
MR       .....                  (no boots)
Stlth    ..........             (no amulet)
Regen    0.1/turn               (no ring)
MPRegen  0.1/turn               (no ring)

@: no status effects
A: negative energy resistance 1, electricity resistance, unbreathing,
petrification resistance, rot immunity, AC +4
a: Renounce Religion


You were in an ossuary.
You worshipped Okawaru.
Okawaru was noncommittal.
You were very hungry.

You visited 2 branches of the dungeon, and saw 5 of its levels.
You also visited: Ossuary.

You collected 165 gold pieces.

Inventory:

Hand Weapons
 a - a +0 flail (weapon)
Armour
 b - a +0 scale mail (worn)
 c - a +0 shield (worn)
Scrolls
 e - 2 scrolls of identify {unknown}
 h - 5 scrolls of teleportation {unknown}
 j - 2 scrolls of fear {unknown}
 k - a scroll of blinking {unknown}
 l - a scroll of noise {unknown}
 r - a scroll of amnesia {unknown}
 s - 2 scrolls of remove curse {unknown}
 v - a scroll of immolation {unknown}
Potions
 d - a potion of might
 g - 2 potions of berserk rage {unknown}
 i - 2 potions of brilliance {unknown}
 m - a potion of agility {unknown}
 p - 2 potions of curing {unknown}
 t - a potion of mutation {unknown}
 u - a potion of resistance {unknown}
Comestibles
 f - 3 bread rations
 n - 6 fruits
 o - 4 meat rations
 q - a royal jelly


   Skills:
 - Level 3.2 Fighting
 * Level 5.7 Maces & Flails
 - Level 3.2 Armour
 - Level 3.2 Shields


You had 4 spell levels left.
You didn't know any spells.

Dungeon Overview and Level Annotations

Branches:
Dungeon (4/15)             Temple (1/1) D:4

Altars:
Gozag
Kikubaaqudgha
Makhleb
Nemelex Xobeh
Okawaru
Ru
Trog


Innate Abilities, Weirdness & Mutations

You are resistant to torment.
Your stone body is resilient. (AC +4)
You are immune to poison.
You resist negative energy. (rN+)
You are resistant to electric shocks. (rElec)
You can survive without breathing.
You are immune to petrification.
You are immune to rotting.


Message History

You are too injured to fight recklessly!
You are too injured to fight recklessly!
You are too injured to fight recklessly!
You are too injured to fight recklessly!
Your scale mail prevents you from hitting the mummy.
The mummy is severely damaged.
The mummy hits you.
* * * LOW HITPOINT WARNING * * *
You hit the mummy but do no damage.
The mummy is severely damaged.
You block the mummy's attack.
You hit the mummy.
The mummy is almost destroyed.
You hit the mummy.
The mummy is almost destroyed.
The mummy barely misses you.
You completely miss the mummy.
The mummy is almost destroyed.
The mummy hits you!
You die...

##### #
#...#.+
#.∩@M.#
#∩..#.'.#
##### ###


You could see a mummy.

Vanquished Creatures
  Terence (D:3)
  A mummy (D:4)
  7 adders
  An ooze (D:4)
  2 dart slugs
  A worm (D:3)
  5 leopard geckos
  7 orcs
  2 giant cockroaches (D:3)
  2 goblins (D:1)
  10 hobgoblins
  4 jackals (D:3)
  2 quokkas (D:3)
  8 bats
  3 frilled lizards
  7 kobolds
  5 rats
68 creatures vanquished.

Notes
Turn   | Place    | Note
-------+----------+-------------------------------------------
     0 | D:1      | Zhenya24pyc the Gargoyle Fighter began the quest for the Orb.
     0 | D:1      | Reached XP level 1. HP: 14/14 MP: 1/1
   224 | D:1      | Reached XP level 2. HP: 19/19 MP: 2/2
   319 | D:1      | Reached skill level 3 in Maces & Flails
  1129 | D:2      | Reached XP level 3. HP: 5/23 MP: 3/3
  1516 | D:2      | Reached skill level 4 in Maces & Flails
  1665 | D:2      | Found a sacrificial altar of Ru.
  1896 | D:3      | Reached XP level 4. HP: 28/28 MP: 4/4
  2020 | D:3      | Noticed Terence
  2049 | D:3      | Killed Terence
  2196 | D:3      | Reached skill level 5 in Maces & Flails
  2196 | D:3      | Reached XP level 5. HP: 30/32 MP: 5/5
  2321 | D:3      | Found an ancient bone altar of Kikubaaqudgha.
  2724 | D:4      | Found a staircase to the Ecumenical Temple.
  2733 | Temple   | Entered the Ecumenical Temple
  2739 | Temple   | Became a worshipper of Warmaster Okawaru
  2820 | D:4      | Found a sand-covered staircase.
  2868 | Ossuary  | Entered an ossuary
  2915 | Ossuary  | Mangled by a mummy

Skill      XL: |  1  2  3  4 |
---------------+-------------+-----
Maces & Flails | 3 4 5 |  5.7
Fighting       | |  3.2
Armour         | |  3.2
Shields        | |  3.2

Action                   |  1- 3 |  4- 6 || total
-------------------------+-------+-------++-------
Melee: Flail             |   155 |   194 ||   349
 Stab: Distracted        |       |     1 ||     1
  Eat: Chunk             |     3 |     3 ||     6
Armor: Scale mail        |   101 |   115 ||   216
Dodge: Dodged            |    50 |    75 ||   125
Block: Shield            |    80 |   118 ||   198
